 Dungeon Crawl Stone Soup version 0.29-a0-581-ge9a90b782e (webtiles) character file.

Game seed: 5677027037835573716

2093 Nedwor the Cudgeller (level 9, -3/56 HPs)
             Began as a Gargoyle Fighter on June 14, 2022.
             Was an Initiate of the Shining One.
             Killed by divine providence
             ... invoked by an orc priest
              (12 damage)
             ... on level 6 of the Dungeon.
             The game lasted 00:09:18 (4644 turns).

Nedwor the Cudgeller (Gargoyle Fighter)             Turns: 4644, Time: 00:09:19

Health: -3/56      AC: 23    Str: 29    XL:     9   Next: 27%
Magic:  9/9        EV:  8    Int: 10    God:    the Shining One [......]
Gold:   91         SH: 13    Dex:  9    Spells: 8/8 levels left

rFire   . . .      SeeInvis .   a - +1 flail (vorpal)
rCold   . . .      Faith    .   D - +0 tower shield
rNeg    + . .      Spirit   .   C - +0 plate armour
rPois   ∞          Reflect  .   (no helmet)
rElec   +          Harm     .   m - +1 cloak
rCorr   .          Rampage  .   A - +0 pair of gloves
Will    .....                   (no boots)
Stlth   ..........              e - amulet of regeneration
HPRegen 0.98/turn               v - +6 ring of strength
MPRegen 0.11/turn               t - +4 ring of evasion

@: glowing, studying Earth Magic
A: sickness immunity, AC +6, negative energy resistance 1, electricity
resistance, torment resistance 1, petrification resistance
a: Renounce Religion


You were on level 6 of the Dungeon.
You worshipped the Shining One.
The Shining One was noncommittal.
You visited 2 branches of the dungeon, and saw 7 of its levels.

You collected 421 gold pieces.
You spent 330 gold pieces at shops.

Inventory:

Hand Weapons
 a - a +1 vorpal flail (weapon)
 g - a +2 rapier of holy wrath
Armour
 m - a +1 cloak (worn)
 A - a +0 pair of gloves (worn)
 C - a +0 plate armour (worn)
 D - a +0 tower shield (worn)
Jewellery
 e - an amulet of regeneration (around neck)
 p - an amulet of the acrobat
 t - a +4 ring of evasion (right hand)
 v - a +6 ring of strength (left hand)
Wands
 x - a wand of iceblast (2)
Scrolls
 h - a scroll of fog
 o - 2 scrolls of identify
 u - a scroll of poison
Potions
 d - 2 potions of might
 f - a potion of magic
 i - 2 potions of attraction
 k - a potion of invisibility
 l - 4 potions of curing
 n - 2 potions of cancellation
 q - 3 potions of heal wounds
 z - a potion of ambrosia


   Skills:
 + Level 6.7 Fighting
 * Level 7.8 Maces & Flails
 + Level 6.7 Armour
 + Level 6.6 Shields


You had 8 spell levels left.
You didn't know any spells.
Your spell library contained the following spells:

 Spells                   Type           Power      Damage    Failure   Level
 Static Discharge         Conj/Air       0%         N/A       100%        2
 Dazzling Flash           Conj/Hex       0%         N/A       100%        3
 Agony                    Necr           0%         N/A       100%        5
 Lightning Bolt           Conj/Air       0%         1d11      100%        5
 Silence                  Hex/Air        0%         N/A       100%        5
 Conjure Ball Lightning   Conj/Air       0%         3x3d6     100%        6
 Discord                  Hex            0%         N/A       100%        8
 Disjunction              Tloc           0%         N/A       100%        8
 Maxwell's Capacitive Co  Air            0%         ∞         100%        8


Dungeon Overview and Level Annotations

Branches:
Dungeon (6/15)             Temple (1/1) D:5

Altars:
Ashenzari
Cheibriados
Dithmenos
Elyvilon
Fedhas
Gozag
Kikubaaqudgha
Makhleb
Nemelex Xobeh
Qazlal
Ru
Sif Muna
Uskayaw
Wu Jian
Xom
Zin
The Shining One

Shops:
D:5 *


Innate Abilities, Weirdness & Mutations

You are immune to sickness and miasma.
Your stone body is resilient. (AC +6)
You are immune to poison.
You resist negative energy. (rN+)
You are resistant to electric shocks. (rElec)
You are resistant to unholy torment.
You are immune to petrification.


Message History

The orc wizard hits you but does no damage.
You closely miss the orc wizard.
The orc wizard gestures at you while chanting.
The magic dart hits you!
The orc priest calls down the wrath of Beogh upon you.
Pain shoots through your body!
The orc priest attacks as you move away!
You block the orc priest's attack.
The orc priest calls down the wrath of Beogh upon you.
Pain shoots through your body!
The goblin shouts!
The orc priest calls down the wrath of Beogh upon you.
Beogh smites you!
* * * LOW HITPOINT WARNING * * *
You hear a shout!
The orc wizard attacks as you move away!
You block the orc wizard's attack.
You hit the orc wizard but do no damage.
A white imp comes into view.
You block the orc wizard's attack.
You thump the orc wizard!
The orc wizard is heavily wounded.
The goblin throws a datura-tipped dart.
The datura-tipped dart hits you!
You are unaffected.
You block the orc wizard's attack.
The orc priest casts a cantrip, but nothing happens.
The orc priest looks braver for a moment.
The orc wizard hits you with a +0 dagger.
* * * LOW HITPOINT WARNING * * *
The orc wizard attacks as you move away!
You block the orc wizard's attack.
You hear the rapid rusting of a very distant drain.
You block the goblin's attack.
You thump the goblin!
You kill the goblin!
The orc wizard points at you and mumbles some strange words.
You block the puff of flame. The orc attacks as you move away!
You block the orc's attack.
The orc priest mumbles some strange prayers to Beogh against you.
Beogh smites you!
You die...

..##.........
#........#...............
#........................
##...........#............
............#.###...#.... ##
#..##..........##.....†[.
o####.##..) #...#............)..
.......#..###.#....#....##..####
..o.......o5ooo@...........##
#.......##..........##.##
#..).....###..........#
##.........##....####.#
...................####.##### ##
............##.....'..#.#.#.###.
............#......#..#.#.))#...
...................####.###)....
.............).....####.####.##.


You could see 2 orc priests, an orc wizard, a white imp and an orc.

Vanquished Creatures
  Pikel (D:4)
  A water moccasin (D:5)
  An orc warrior (D:6)
  2 black bears
  2 ice beasts (D:5)
  2 centaurs (D:5)
  2 bullfrogs
  A necrophage (D:5)
  3 scorpions
  3 howler monkeys
  3 jellies
  An orc priest (D:5)
  2 hounds
  2 orc wizards (D:5)
  15 adders
  A white imp (D:5)
  An ufetubus (D:5)
  3 worms
  2 dart slugs (D:4)
  17 orcs
  3 bats
  3 endoplasms
  4 giant cockroaches
  6 goblins
  4 hobgoblins
  5 jackals (D:1)
  8 kobolds
  2 quokkas
  2 ball pythons
  A frilled lizard (D:1)
  8 rats
111 creatures vanquished.

Vanquished Creatures (others)
  An orc wizard (D:6)
1 creature vanquished.

Grand Total: 112 creatures vanquished

Notes
Turn   | Place    | Note
-------+----------+-------------------------------------------
     0 | D:1      | Nedwor the Gargoyle Fighter began the quest for the Orb.
     0 | D:1      | Reached XP level 1. HP: 14/14 MP: 1/1
   204 | D:1      | Reached XP level 2. HP: 12/19 MP: 2/2
   829 | D:2      | Reached XP level 3. HP: 23/23 MP: 3/3
  1048 | D:2      | Reached skill level 3 in Maces & Flails
  1176 | D:2      | Reached XP level 4. HP: 29/29 MP: 4/4
  1656 | D:3      | Found a glowing silver altar of Zin.
  2124 | D:4      | Noticed a scorpion
  2130 | D:4      | Killed a scorpion
  2131 | D:4      | Reached XP level 5. HP: 33/33 MP: 5/5
  2275 | D:4      | Reached skill level 4 in Maces & Flails
  2434 | D:4      | Noticed Pikel
  2434 | D:4      | Noticed a lemure
  2434 | D:4      | Noticed a lemure
  2434 | D:4      | Noticed a lemure
  2434 | D:4      | Noticed a lemure
  2449 | D:4      | Killed Pikel
  2450 | D:4      | Reached skill level 5 in Fighting
  2450 | D:4      | Reached skill level 5 in Maces & Flails
  2450 | D:4      | Reached skill level 5 in Armour
  2450 | D:4      | Reached skill level 5 in Shields
  2450 | D:4      | Reached XP level 6. HP: 40/40 MP: 6/6
  2450 | D:4      | Reached XP level 7. HP: 44/44 MP: 7/7
  2927 | D:5      | Entered Level 5 of the Dungeon
  2995 | D:5      | Reached XP level 8. HP: 36/49 MP: 8/8
  3050 | D:5      | Reached skill level 6 in Maces & Flails
  3222 | D:5      | Reached skill level 7 in Maces & Flails
  3229 | D:5      | Found an ornate altar of the Wu Jian Council.
  3269 | D:5      | Found a staircase to the Ecumenical Temple.
  3349 | Temple   | Entered the Ecumenical Temple
  3511 | D:5      | Reached XP level 9. HP: 53/56 MP: 9/9
  3596 | D:5      | Found a blossoming altar of Fedhas.
  3771 | D:5      | Found Gingaos's Mass Market.
  3779 | D:5      | Bought a +0 plate armour for 276 gold pieces
  3779 | D:5      | Bought a +0 tower shield for 54 gold pieces
  4123 | Temple   | Became a worshipper of the Shining One
  4638 | D:6      | Identified the +7 trident of the Disturbing Realms {venom,
                  | rElec rF+ rCorr Str+5}
  4644 | D:6      | Killed from afar by an orc priest

Illustrated notes

Levels and vault maps discovered:
D:1:      psy_arrival_statuary, layout_rooms, st_stairs_7, supply_closet_lemuel
D:2:      layout_loops_ring, grunt_ministairs_1,
          hangedman_decor_clover_reticule, kennysheep_generic_room_6
D:3:      layout_basic, zin_treasury, hangedman_decor_points, st_stairs_7
D:4:      layout_gridville, uniq_pikel
D:5:      minmay_angry_zag, layout_loops_cross,
          mainiacjoe_overflow_large_starburst, minmay_temple_entry_slanted,
          serial_rivers, chequers_serial_rivers_micro_e,
          chequers_serial_rivers_micro_a, chequers_serial_rivers_large_a,
          chequers_serial_rivers_micro_a, chequers_serial_rivers_small_3,
          chequers_serial_rivers_small_a, minmay_shop_mass
D:6:      layout_cave_pools, cheibrodos_sewer_entry_bend, corexii_checkpoint_a,
          roderic_roman_lattice
Temple:   jpeg_temple_clearing

Skill      XL: |  1  2  3  4  5  6  7  8 |
---------------+-------------------------+-----
Maces & Flails | 3 5 7 |  7.8
Fighting       | 4 5 6 |  6.7
Armour         | 4 5 6 |  6.7
Shields        | 4 5 6 |  6.6

Action                   |  1- 3 |  4- 6 |  7- 9 || total
-------------------------+-------+-------+-------++-------
Melee: Flail             |    90 |   102 |   293 ||   485
  Use: Scroll            |     5 |       |    14 ||    19
Armor: Scale mail        |    59 |    55 |   183 ||   297
       Plate armour      |       |       |    38 ||    38
Dodge: Dodged            |    48 |    55 |   153 ||   256
Block: Buckler           |    23 |    31 |    59 ||   113
       Tower shield      |       |       |    84 ||    84

Table legend: (Time is in decaauts)
 A = Elapsed time spent in this place.
 B = Non-inter-level travel time spent in this place.
 C = Inter-level travel time spent in this place.
 D = Time resting spent in this place.
 E = Time spent auto-exploring this place.
 F = Levels seen in this place.
 G = Mean time per level.
                   A        B        C        D        E       F      G
               +--------+--------+--------+--------+--------+-----+--------+
         Total |   4772 |   4521 |    251 |    178 |   3254 |   7 |  681.7 |
       Dungeon |   4627 |   4426 |    201 |    178 |   3172 |   6 |  771.2 |
        Temple |    145 |     96 |     49 |      0 |     82 |   1 |  145.0 |
               +--------+--------+--------+--------+--------+-----+--------+

Top non-repeatable levels by time:
     D:5: 1126 daAuts
     D:4: 837 daAuts
     D:1: 828 daAuts
     D:3: 757 daAuts
     D:2: 566 daAuts
     D:6: 510 daAuts
  Temple: 145 daAuts
